 Dungeon Crawl Stone Soup version 0.28-b1-25-g9875b3fc8c (webtiles) character file.

Game seed: 3450683653249375823

3046 growler the Zephyrmancer (level 9, -1/40 (45) HPs)
             Began as a Tengu Air Elementalist on Jan 31, 2022.
             Was a Follower of Vehumet.
             Slain by a wight (7 damage)
             ... on level 7 of the Dungeon.
             The game lasted 00:19:49 (11267 turns).

growler the Zephyrmancer (Tengu Air Elementalist)  Turns: 11267, Time: 00:19:50

HP:   -1/40 (45)    AC:  2    Str:  8    XL:     9   Next: 87%
MP:   17/17         EV: 15    Int: 19    God:    Vehumet [*.....]
Gold: 269           SH:  0    Dex: 16    Spells: 8/18 levels left

rFire   . . .      SeeInvis .   v - staff of air
rCold   . . .      Faith    .   (no shield)
rNeg    . . .      Spirit   .   a - +0 robe
rPois   .          Reflect  .   (helmet restricted)
rElec   +          Harm     .   (no cloak)
rCorr   .          Rampage  .   (no gloves)
Will    .....                   (boots unavailable)
Stlth   ++........              (no amulet)
HPRegen 0.13/turn               (no ring)
MPRegen 0.15/turn               (no ring)

@: flying quickly and evasively, heavily drained, quick
A: beak, talons 3, nimble flight
a: Renounce Religion


You were on level 7 of the Dungeon.
You worshipped Vehumet.
Vehumet was aware of your devotion.
You visited 2 branches of the dungeon, and saw 8 of its levels.

You collected 269 gold pieces.

Inventory:

Hand Weapons
 e - the +3 short sword of Wich {freeze, rCorr}
   (You found it on level 2 of the Dungeon)

   It freezes those it strikes, dealing additional cold damage.
   It can also slow down cold-blooded creatures.
   rCorr:     It protects you from acid and corrosion.
Armour
 a - a +0 robe (worn)
 q - the +0 pair of gloves of Hedging {rPois rC++ Dex-5 Slay+2}
   (You found it on level 5 of the Dungeon)

   Dex:       It affects your dexterity (-5).
   Slay:      It affects your accuracy & damage with ranged weapons and melee
   (+2).
   rC:        It greatly protects you from cold.
   rPois:     It protects you from poison.
Magical Staves
 v - a staff of air (weapon)
   (You found it on level 6 of the Dungeon)
Wands
 d - a wand of iceblast (5)
   (You found it on level 6 of the Dungeon)
 r - a wand of polymorph (11)
   (You found it on level 5 of the Dungeon)
 x - a wand of acid (11)
   (You found it on level 4 of the Dungeon)
Scrolls
 b - a scroll of enchant weapon {unknown}
 c - 2 scrolls of teleportation {@r4}
 f - a scroll of identify {unknown}
 h - a scroll of holy word {unknown}
 i - a scroll of immolation {unknown}
 j - a scroll of enchant armour {unknown}
 m - a scroll of amnesia {unknown}
 s - a scroll of fear {unknown}
Potions
 g - a potion of haste {unknown}
 k - 2 potions of brilliance {unknown}
 l - 3 potions of heal wounds {unknown}
 n - a potion of flight {unknown}
 o - a potion of attraction {unknown}
 p - a potion of berserk rage {unknown}
 t - 2 potions of invisibility {unknown}
 u - 2 potions of curing {unknown}
 w - 2 potions of mutation {unknown}
 z - a potion of lignification {unknown}


   Skills:
 - Level 2.1 Dodging
 - Level 2.0 Stealth
 - Level 5.0 Spellcasting
 - Level 9.0 Conjurations
 + Level 13.9 Air Magic


You had 8 spell levels left.
You knew the following spells:

 Your Spells              Type           Power      Damage    Failure   Level
a - Shock                 Conj/Air       100%       1d9       1%          1
b - Airstrike             Air            36%        N/A       1%          4
d - Static Discharge      Conj/Air       64%        N/A       1%          2
s - Swiftness             Air            72%        N/A       1%          3

Your spell library contained the following spells:

 Spells                   Type           Power      Damage    Failure   Level
 Magic Dart               Conj           100%       1d8       1%          1
 Slow                     Hex            16%        N/A       12%         1
 Confusing Touch          Hex            4%         N/A       36%         3
 Tukima's Dance           Hex            4%         N/A       36%         3
 Vampiric Draining        Necr           4%         2d6       36%         3
 Anguish                  Hex/Necr       2%         N/A       77%         4
 Enfeeble                 Hex            2%         N/A       100%        7


Dungeon Overview and Level Annotations

Branches:
Dungeon (7/15)             Temple (1/1) D:4

Altars:
Elyvilon
Kikubaaqudgha
Qazlal
Ru
Vehumet
Zin
The Shining One

Shops:
D:4 (


Innate Abilities, Weirdness & Mutations

You have a beak for a mouth.
You have claws for feet.
Your magical nature lets you fly swiftly and evasively.


Message History

Vehumet accepts your kill.
You feel your power returning.
The lightning grounds out.
You feel a surge of power!
The wight is struck by an arc of lightning.
You resist.
You are struck by an arc of lightning.
The wight is struck by an arc of lightning!
You destroy the wight!
Vehumet accepts your kill.
The lightning grounds out.
The wight hits you from afar with a +0 spear!
You feel drained.
The wight hits you from afar with a +0 spear.
You feel drained. The kobold brigand closely misses you.
You fly upwards.
There is a stone staircase leading down here.
You feel a surge of power!
The kobold brigand is struck by an arc of lightning.
The lightning grounds out.
The kobold brigand hits you with a +0 dagger.
You feel a surge of power!
The kobold brigand is struck by an arc of lightning!
The lightning grounds out.
The kobold brigand hits you with a +0 dagger.
* * * LOW HITPOINT WARNING * * *
You feel a surge of power!
The kobold brigand is struck by an arc of lightning!
You kill the kobold brigand!
Vehumet accepts your kill. You resist.
You are struck by an arc of lightning.
* * * LOW HITPOINT WARNING * * *
Your life force feels restored.
You start resting.
You start resting.
You fly downwards.
The wight closely misses you. The wight hits you with a +0 spear!
You feel drained. The ice beast completely misses you.
The wight completely misses you. The wight barely misses you.
The wight hits you with a +5 halberd!
You feel drained. The wight hits you with a +0 spear.
* * * LOW HITPOINT WARNING * * *
You feel drained. The ice beast hits you.
* * * LOW HITPOINT WARNING * * *
The ice beast freezes you.
* * * LOW HITPOINT WARNING * * *
The wight hits you with a +0 rapier.
* * * LOW HITPOINT WARNING * * *
You feel drained.
* * * LOW HITPOINT WARNING * * *
There is a stone staircase leading up, spattered with blood here.
The wight hits you with a +5 halberd!
You die...

#.#.. #. #.#$#### .....
##. ##.#....#.#...##
.... ..>....+......
..... .......#.#..z#####
#...##.................
#.....................
#z@z?.##.##...###.#
#.z).?..!...<......
.......zY...#.##........
##...#..(...# #........
#...#..5...# #........
#.. .......# #........
... ........# #######+#
... .........
####.......


You could see an ice beast, 4 wights and a white imp.

Vanquished Creatures
  A hornet (D:7)
  4 yaks (D:6)
  4 water moccasins (D:6)
  2 ogres
  A centaur (D:7)
  3 phantoms
  A kobold brigand (D:6)
  A bullfrog (D:7)
  2 scorpions
  13 wights
  2 centaur zombies
  2 jellies
  A hound (D:6)
  An orc priest (D:2)
  Natasha (twice) (D:4)
  2 iguanas
  2 orc wizards (D:7)
  2 howler monkey zombies (D:6)
  4 gnolls (D:6)
  7 adders
  A white imp (D:5)
  3 worms (D:2)
  3 dart slugs
  12 orcs
  5 ball pythons
  8 endoplasms
  6 giant cockroaches
  6 goblins
  9 hobgoblins
  4 jackals (D:2)
  17 kobolds
  8 quokkas
  7 bats
  6 frilled lizards
  4 rats
156 creatures vanquished.

Vanquished Creatures (others)
  Natasha (D:4)
1 creature vanquished.

Grand Total: 157 creatures vanquished

Notes
Turn   | Place    | Note
-------+----------+-------------------------------------------
     0 | D:1      | growler the Tengu Air Elementalist began the quest for the
                  | Orb.
     0 | D:1      | Reached XP level 1. HP: 10/10 MP: 4/4
   141 | D:1      | Reached XP level 2. HP: 15/15 MP: 0/6
   229 | D:1      | Learned a level 2 spell: Static Discharge
   553 | D:1      | Reached XP level 3. HP: 19/19 MP: 5/7
   557 | D:1      | Learned a level 3 spell: Swiftness
   994 | D:1      | Found a faded altar of an unknown god.
  1527 | D:2      | Identified the +3 short sword of Wich {freeze, rCorr}
  1620 | D:2      | Reached XP level 4. HP: 23/24 MP: 6/9
  1921 | D:2      | Reached skill level 5 in Air Magic
  2869 | D:2      | Gained mutation: Your magical nature lets you fly swiftly
                  | and evasively. [Tengu growth]
  2869 | D:2      | Reached XP level 5. HP: 10/28 MP: 4/10
  3106 | D:2      | Learned a level 4 spell: Airstrike
  4048 | D:4      | Reached XP level 6. HP: 32/32 MP: 12/12
  4049 | D:4      | Found Kumauf's Antique Weapon Shop.
  4339 | D:4      | Reached skill level 6 in Air Magic
  4351 | D:4      | Reached skill level 5 in Conjurations
  4520 | D:4      | Noticed Natasha
  4533 | D:4      | Killed Natasha
  4534 | D:4      | Reached XP level 7. HP: 10/36 MP: 9/14
  4956 | D:4      | Reached skill level 7 in Air Magic
  5138 | D:4      | Killed Natasha
  5203 | D:4      | Noticed Natasha
  5209 | D:4      | Killed Natasha
  5619 | D:4      | Found a staircase to the Ecumenical Temple.
  5628 | Temple   | Entered the Ecumenical Temple
  5692 | Temple   | Became a worshipper of Vehumet
  5737 | D:4      | Found Kumauf's Antique Weapon Shop.
  6401 | D:4      | Found Kumauf's Antique Weapon Shop.
  7096 | D:5      | Entered Level 5 of the Dungeon
  7488 | D:5      | Identified the +0 pair of gloves of Hedging {rPois rC++
                  | Dex-5 Slay+2}
  7493 | D:5      | Found a glowing golden altar of the Shining One.
  7791 | D:5      | Reached XP level 8. HP: 36/41 MP: 9/16
  7968 | D:5      | Reached skill level 5 in Spellcasting
  8129 | D:5      | Found a glowing silver altar of Zin.
  8182 | D:6      | Reached skill level 8 in Air Magic
  8499 | D:6      | Reached skill level 9 in Air Magic
  8644 | D:6      | Noticed a yak
  8644 | D:6      | Noticed a yak
  8644 | D:6      | Noticed a yak
  8644 | D:6      | Noticed a yak
  8644 | D:6      | Noticed a yak
  8885 | D:6      | Killed a yak
  9005 | D:6      | Killed a yak
  9006 | D:6      | Reached skill level 10 in Air Magic
  9087 | D:6      | Killed a yak
  9088 | D:6      | Reached XP level 9. HP: 45/45 MP: 2/17
  9149 | D:6      | Reached skill level 11 in Air Magic
  9702 | D:6      | Reached * piety under Vehumet
  9702 | D:6      | Offered knowledge of Magic Dart by Vehumet.
  9951 | D:6      | Reached skill level 12 in Air Magic
 10498 | D:7      | Noticed a hornet
 10501 | D:7      | Killed a hornet
 10586 | D:7      | Reached skill level 13 in Air Magic
 11267 | D:7      | Slain by a wight

Illustrated notes

Levels and vault maps discovered:
D:1:      lemuel_arrival_tunnels, layout_rooms,
          hellmonk_ecumenical_altar_heavens_door, minivault_26,
          chequers_serial_rivers_room_b, chequers_serial_rivers_large_b
D:2:      layout_basic, nicolae_figureground_pulse
D:3:      layout_basic, kennysheep_generic_room_16
D:4:      layout_basic, lemuel_temple_firewalk_b, serial_shops, shop,
          minmay_unequal, uniq_natasha
D:5:      layout_basic, zin_statuary, mainiacjoe_overflow_alcove_1
D:6:      layout_loops_corners
D:7:      lemuel_ice_spiral_2, layout_basic, mainiacjoe_overflow_cross_hatched,
          grunt_ministairs_15
Temple:   jpeg_temple_clearing

Skill      XL: |  1  2  3  4  5  6  7  8  9 |
---------------+----------------------------+-----
Conjurations   | 2 3 4 5 6 9 |  9.0
Air Magic      | 5 6 7 10 13 | 13.9
Spellcasting   | 3 4 5 |  5.0
Dodging        | |  2.1
Stealth        | |  2.0

Action                   |  1- 3 |  4- 6 |  7- 9 || total
-------------------------+-------+-------+-------++-------
Melee: Unarmed           |    13 |       |       ||    13
       Kick              |     6 |     5 |     1 ||    12
       Peck              |     3 |     1 |       ||     4
       Short sword       |       |    14 |       ||    14
       Staff             |       |       |     1 ||     1
 Cast: Shock             |    63 |    94 |    80 ||   237
       Static Discharge  |     3 |    20 |    47 ||    70
       Airstrike         |       |       |    42 ||    42
  Use: Scroll            |       |     1 |       ||     1
Armor: Robe              |     3 |     4 |     6 ||    13
Dodge: Dodged            |    10 |    24 |    40 ||    74
